 Dungeon Crawl Stone Soup version 0.18.1-50-g88ac8fd (webtiles) character file.

63 Gargoyl the Skirmisher (level 3, -4/30 HPs)
             Began as a Demonspawn Abyssal Knight on Sept 16, 2016.
             Was a Follower of Lugonu.
             Slain by a gnoll
             ... wielding a +0 halberd
              (8 damage)
             ... on level 2 of the Dungeon.
             The game lasted 00:03:39 (1444 turns).

Gargoyl the Skirmisher (Demonspawn Abyssal Knight)  Turns: 1444, Time: 00:03:40

Health: -4/30      AC: 11    Str: 13    XL:     3   Next: 89%
Magic:  4/4        EV:  6    Int: 16    God:    Lugonu [*.....]
Gold:   72         SH:  0    Dex: 12    Spells: 0 memorised, 2 levels left

rFire  . . .     SeeInvis .     a - +1 hand axe
rCold  . . .     Gourm    .     i - +0 chain mail (curse)
rNeg   . . .     Faith    .     (no shield)
rPois  .         Spirit   .     n - +0 helmet
rElec  .         Dismiss  .     q - +0 cloak
rCorr  .         Reflect  .     (no gloves)
SustAt .         Harm     .     (no boots)
MR     .....                    (no amulet)
Stlth  ..........               (no ring)
                                f - +3 ring of intelligence

@: not resistant to hostile enchantments, extremely unstealthy
A: talons 1
a: Depart the Abyss, Renounce Religion


You were on level 2 of the Dungeon.
You worshipped Lugonu.
Lugonu was aware of your devotion.
You were not hungry.

You visited 1 branch of the dungeon, and saw 2 of its levels.
You visited the Abyss 1 time.

You collected 72 gold pieces.

Inventory:

Hand Weapons
 a - a +1 hand axe (weapon)
Missiles
 e - 8 silver javelins (quivered)
Armour
 i - a cursed +0 chain mail (worn)
 n - a +0 helmet (worn)
 q - a +0 cloak (worn)
Jewellery
 f - a +3 ring of intelligence (left hand)
Scrolls
 j - 4 scrolls of remove curse {unknown}
 k - a scroll of blinking {unknown}
 o - 3 scrolls of identify {unknown}
 p - a scroll of fear {unknown}
Potions
 b - a potion of beneficial mutation {unknown}
 d - a potion of degeneration {unknown}
 g - a potion of might {unknown}
 l - a potion of resistance {unknown}
 m - a potion of cure mutation {unknown}
 t - a potion of haste {unknown}
Comestibles
 c - 2 bread rations
 h - a slice of pizza
 r - a meat ration
 s - 3 chunks of flesh


   Skills:
 + Level 3.9 Fighting
 + Level 2.1 Axes
 * Level 2.6 Armour
 + Level 1.2 Dodging
 + Level 2.5 Invocations


You had 2 spell levels left.
You didn't know any spells.

Dungeon Overview and Level Annotations

Branches:
Dungeon (2/15)

Altars:


Innate Abilities, Weirdness & Mutations

You have sharp toenails.


Message History

The gnoll hits you but does no damage. x2
The gnoll hits you from afar with a spear.
The gnoll completely misses you.
You hit the gnoll.
The gnoll is severely wounded.
The gnoll hits you from afar with a halberd.
The gnoll hits you but does no damage. The gnoll hits you with a spear.
* * * LOW HITPOINT WARNING * * *
Unknown command.
The gnoll hits you with a spear.
* * * LOW HITPOINT WARNING * * *
The gnoll hits you but does no damage. x2
You closely miss the gnoll. Your kick misses the gnoll.
Your chain mail prevents you from hitting the gnoll.
You hit the gnoll.
The gnoll is almost dead.
The gnoll hits you with a spear.
* * * LOW HITPOINT WARNING * * *
The gnoll closely misses you. The gnoll hits you with a halberd!
You die...

##.....##
##.......##
#.........#
#........?#
#.........#
#.........#
##....gg...#
##.....g@...#
............#
###.........#
#.........# ....
#.........# ....
##.......##.....
##.....###.[...
##............
####...####......


You could see 3 gnolls.

Vanquished Creatures
  2 adders (D:2)
  3 bats (D:1)
  3 giant cockroaches (D:1)
  3 goblins
  3 hobgoblins (D:1)
  9 jackals (D:1)
  5 kobolds (D:1)
  A quokka (D:2)
  A ball python (D:1)
  2 giant newts (D:1)
  8 rats
40 creatures vanquished.

Notes
Turn   | Place    | Note
--------------------------------------------------------------
     0 | Abyss:1  | Gargoyl the Demonspawn Abyssal Knight began the quest for the Orb.
     0 | Abyss:1  | Reached XP level 1. HP: 18/18 MP: 2/2
   121 | Abyss:2  | Noticed a giant orange brain
   132 | Abyss:2  | Noticed a small abomination
   139 | D:1      | Escaped the Abyss
   361 | D:1      | Reached skill level 1 in Dodging
   408 | D:1      | Gained mutation: You have sharp toenails. [demonic ancestry]
   408 | D:1      | Reached XP level 2. HP: 23/24 MP: 3/3
   413 | D:1      | Reached * piety under Lugonu
   752 | D:1      | Reached XP level 3. HP: 29/29 MP: 4/4
  1444 | D:2      | Slain by a gnoll

Skill      XL: |  1  2 |
---------------+-------+-----
Dodging        | 1 |  1.2
Armour         | 2 |  2.6
Axes           | 2 |  2.1
Fighting       | |  3.9
Invocations    | |  2.5

Action                   || total
-------------------------++-------
Melee: Hand axe          ||   160
       Kick              ||    24
Invok: Depart the Abyss  ||     1
  Eat: Chunk             ||     2
Armor: Chain mail        ||   150
       Scale mail        ||     1
Dodge: Dodged            ||    70
